 Dungeon Crawl Stone Soup version 0.19.1 (webtiles) character file.

142 Iskender the Twirler (level 5, 38/38 HPs)
             Began as a Formicid Wanderer on Nov 23, 2016.
             Quit the game on level 3 of the Dungeon.
             The game lasted 00:15:23 (2384 turns).

Iskender the Twirler (Formicid Wanderer)            Turns: 2384, Time: 00:15:23

Health: 38/38      AC:  7    Str: 16      XL:     5   Next: 50%
Magic:  14/14      EV:  9    Int: 12 (13) God:
Gold:   181        SH:  0    Dex: 10      Spells: 0 memorised, 4 levels left

rFire  . . .     SeeInvis +     a - +2 quarterstaff
rCold  . . .     Gourm    .     D - +0 scale mail
rNeg   . . .     Faith    .     (no shield)
rPois  .         Spirit   .     (helmet unavailable)
rElec  .         Reflect  .     x - +0 cloak
rCorr  +         Harm     .     (no gloves)
MR     .....                    (no boots)
Stlth  +.........               (no amulet)
                                h - ring of resist corrosion
                                w - ring of magical power

@: no status effects
A: permanent stasis, dig shafts and tunnels, four strong arms, antennae 3
a: Dig, Shaft Self


You were on level 3 of the Dungeon.
You were not hungry.

You visited 1 branch of the dungeon, and saw 6 of its levels.

You collected 181 gold pieces.

Inventory:

Hand Weapons
 a - a +2 quarterstaff (weapon)
 b - a +0 hunting sling
 e - a +0 dagger
 m - a +0 hand axe
 v - a +0 quarterstaff
 y - a +0 falchion
 B - a +0 spear
Missiles
 l - 123 stones (quivered)
 q - 19 poisoned needles
Armour
 d - a +0 robe
 k - a +0 ring mail
 u - a cursed +0 plate armour
 x - a +0 cloak (worn)
 D - a +0 scale mail (worn)
Jewellery
 h - a ring of resist corrosion (right hand)
 w - a ring of magical power (left hand)
Wands
 p - a wand of lightning (11/15)
Scrolls
 c - 2 scrolls of enchant armour {unknown}
 g - 3 scrolls of amnesia
 j - a scroll of random uselessness {unknown}
 s - 2 scrolls of remove curse
 A - a scroll of magic mapping {unknown}
Potions
 i - a potion of brilliance {unknown}
 n - a potion of magic
 r - 2 potions of curing
 z - 2 potions of ambrosia {unknown}
 C - 2 potions of might {unknown}
Comestibles
 f - 3 bread rations
 o - a meat ration
 t - 2 chunks of flesh


   Skills:
 - Level 2.1 Fighting
 + Level 5.3 Staves
   Level 1.0 Crossbows
 - Level 2.1 Armour
 - Level 3.6 Stealth


You had 4 spell levels left.
You didn't know any spells.

Dungeon Overview and Level Annotations

Branches:
Dungeon (6/15)
 Temple: D:4-7

Altars:
Makhleb


Innate Abilities, Weirdness & Mutations

You are under a permanent stasis effect.
You can dig through walls and to a lower floor.
Your four strong arms can wield two-handed weapons with a shield.
You have a pair of large antennae on your head. (SInv)


Message History

Things that are here:
a falchion; a plate armour; an orc skeleton Wear which item? (? for menu, Esc to quit)
Okay, then.
Wear which item? (? for menu, Esc to quit)
You start removing your armour.
You continue taking off your +0 ring mail. x4
You finish taking off your +0 ring mail.
You start putting on your armour.
You continue putting on your scale mail. x5
You finish putting on your +0 scale mail.
A rat comes into view.
The rat barely misses you.
You hit the rat.
You kill the rat!
You see here a rat corpse.
You see here a rat corpse.
You butcher the rat corpse.
t - 2 chunks of flesh (gained 1) Are you sure you want to abandon this character and quit the game? (Confirm with "yes".)

#.......# #. #.......# #.
#.......# ###. #.......####
#...######## ...........#
#.##.......# #.......##.#
#.##.#####.# '........#.#
#.##.#####.# #........#.#
######.##.....#.#
.....#.#.#.###..@...######.#.#
...................>.# #.#.#
.########...##.#####.# #.#.#
.............#.#####÷# #.#.#
..######.....#.......## #.#.##
..........########†##†####.#..#
...####....................#.##
#..........########.########.#
#)..##....## #)## #.#


There were no monsters in sight!

Vanquished Creatures
  An orc priest (D:3)
  An orc wizard (D:3)
  4 adders
  A dart slug (D:2)
  A leopard gecko (D:1)
  2 orcs (D:3)
  4 giant cockroaches
  5 goblins
  5 hobgoblins
  3 quokkas
  6 bats
  4 frilled lizards
  7 kobolds
  4 rats
48 creatures vanquished.

Notes
Turn   | Place    | Note
-------+----------+-------------------------------------------
     0 | D:1      | Iskender the Formicid Wanderer began the quest for the Orb.
     0 | D:1      | Iskender set off with: a +2 quarterstaff, a +0 falchion, a potion of lignification, a +0 robe, a +0 dagger, a bread ration
     0 | D:1      | Reached XP level 1. HP: 16/16 MP: 1/1
   564 | D:1      | Reached XP level 2. HP: 8/22 MP: 2/2
   970 | D:2      | Reached skill level 3 in Staves
  1006 | D:2      | Reached XP level 3. HP: 25/27 MP: 3/3
  1157 | D:2      | Found a burning altar of Makhleb.
  1358 | D:2      | Reached skill level 4 in Staves
  1358 | D:2      | Reached XP level 4. HP: 22/33 MP: 4/4
  1531 | D:3      | You fall through a shaft for 3 floors!
  1538 | D:6      | Noticed a bullfrog
  1540 | D:5      | Entered Level 5 of the Dungeon
  2092 | D:3      | Reached XP level 5. HP: 26/38 MP: 5/5
  2105 | D:3      | Reached skill level 5 in Staves
  2384 | D:3      | Quit the game

Skill      XL: |  1  2  3  4  5 |
---------------+----------------+-----
Staves         | 3 4 5 |  5.3
Fighting       | |  2.1
Crossbows      | |  1.0
Armour         | |  2.1
Stealth        | |  3.6

Action                   |  1- 3 |  4- 6 || total
-------------------------+-------+-------++-------
Melee: Quarterstaff      |    83 |    85 ||   168
 Fire: Hunting sling     |       |     3 ||     3
Throw: Stone             |    10 |     4 ||    14
 Abil: Dig               |    21 |     9 ||    30
  Use: Potion            |     1 |     1 ||     2
       Scroll            |     2 |     3 ||     5
 Stab: Sleeping          |       |     1 ||     1
  Eat: Chunk             |     3 |     3 ||     6
       Royal jelly       |       |     1 ||     1
Armor: Robe              |     5 |       ||     5
       Ring mail         |    19 |    47 ||    66
       Skin              |     6 |       ||     6
Dodge: Dodged            |    47 |    47 ||    94
